 Dungeon Crawl Stone Soup version 0.27-a0-1312-g5cdb2b3542 (console) character file.

Game seed: 1341886397935553283

2418 jejorda2 the Carver (level 9, 0/103 HPs)
             Began as a Merfolk Berserker on June 19, 2021.
             Was a Priest of Trog.
             Slain by a boulder beetle (15 damage)
             ... on level 7 of the Dungeon.
             The game lasted 00:13:39 (8193 turns).

jejorda2 the Carver (Merfolk Berserker)             Turns: 8193, Time: 00:13:39

Health: 0/103      AC: 12    Str: 20    XL:     9   Next: 48%
Magic:  0/9        EV:  6    Int:  7    God:    Trog [***...]
Gold:   232        SH: 10    Dex: 19    Spells: 8/8 levels left

rFire    . . .     SeeInvis .   a - +1 falchion
rCold    . . .     Faith    .   y - +0 kite shield
rNeg     . . .     Spirit   +   b - +0 chain mail
rPois    .         Reflect  .   n - +1 helmet
rElec    .         Harm     .   (no cloak)
rCorr    .         Rampage  .   (no gloves)
Will     .....                  (no boots)
Stlth    ..........             j - amulet of guardian spirit
HPRegen  0.27/turn              q - +6 ring of dexterity
MPRegen  0.11/turn              (no ring)

@: berserking (expiring), very quick
A: (nimble swimmer 2), mertail
a: Renounce Religion, Berserk, Trog's Hand


You were on level 7 of the Dungeon.
You worshipped Trog.
Trog was most pleased with you.
You visited 1 branch of the dungeon, and saw 7 of its levels.

You collected 232 gold pieces.

Inventory:

Hand Weapons
 a - a +1 falchion (weapon)
 r - a +0 flail
Missiles
 e - 3 boomerangs
 f - 46 poisoned darts (quivered)
 g - a throwing net
Armour
 b - a +0 chain mail (worn)
 n - a +1 helmet (worn)
 y - a +0 kite shield (worn)
Jewellery
 j - an amulet of guardian spirit (around neck)
 q - a +6 ring of dexterity (left hand)
Wands
 i - a wand of mindburst (13)
 x - a wand of acid (5)
Scrolls
 c - a scroll of enchant weapon
 d - 2 scrolls of teleportation
 m - a scroll of fear
 p - a scroll of identify
Potions
 h - 2 potions of heal wounds
 k - a potion of curing
 l - a potion of might
 o - a potion of haste
 t - a potion of resistance
 v - a potion of mutation


   Skills:
 - Level 6.0 Fighting
 + Level 9.5 Long Blades
 * Level 5.7 Armour
 - Level 2.6 Dodging
 + Level 3.5 Shields


You had 8 spell levels left.
You didn't know any spells.
Your spell library was empty.

Dungeon Overview and Level Annotations

Branches:
Dungeon (7/15)             Temple (0/1) D:6

Altars:


Innate Abilities, Weirdness & Mutations

((You are quick and stealthy near water. (Stealth+, EV+, Speed+++)))
Your lower body shifts to a powerful aquatic tail in water.


Message History

The boulder beetle is lightly wounded.
The boulder beetle bites you! x2
Unknown command.
A red film seems to cover your vision as you go berserk!
You feel yourself moving faster!
You feel mighty! The boulder beetle bites you.
You hit the boulder beetle but do no damage.
The boulder beetle is lightly wounded.
You slash the boulder beetle!
The boulder beetle is moderately wounded.
The boulder beetle bites you.
You hit the boulder beetle but do no damage.
The boulder beetle is moderately wounded.
You block the boulder beetle's attack.
You slash the boulder beetle!
The boulder beetle is heavily wounded.
You hit the boulder beetle but do no damage.
The boulder beetle is heavily wounded.
The boulder beetle bites you!
You hit the boulder beetle.
The boulder beetle is heavily wounded.
The boulder beetle bites you but does no damage.
You hit the boulder beetle but do no damage.
The boulder beetle is heavily wounded.
You hit the boulder beetle.
The boulder beetle is heavily wounded.
You block the boulder beetle's attack.
You hit the boulder beetle but do no damage.
The boulder beetle is heavily wounded.
The boulder beetle bites you!
You hit the boulder beetle but do no damage.
The boulder beetle is severely wounded.
The boulder beetle bites you!!
* * * LOW HITPOINT WARNING * * *
You slash the boulder beetle!
The boulder beetle is severely wounded.
The boulder beetle looks more healthy.
You hit the boulder beetle but do no damage.
The boulder beetle is severely wounded.
The boulder beetle bites you!!
You die...

.......
#######
.(.#.....#
(.......#
.......##
#.......#
#.......#
#......#
#.B...# ##
#@...# .##
#....#
..##
##...#
...##
##..#
....##
#..#
.....#
##.#
.....#
#####.#
.....#
#..#..#
.....#
#....#


You could see a boulder beetle.

Vanquished Creatures
  Sigmund (D:2)
  Eustachio (D:4)
  A steam dragon (D:7)
  2 sky beasts
  An ice beast (D:5)
  An ogre (D:6)
  A necrophage (D:4)
  A centaur (D:7)
  2 phantoms
  4 scorpions
  A wyvern zombie (D:5)
  2 bullfrogs (D:7)
  A water moccasin zombie (D:7)
  A wyvern skeleton (D:5)
  A howler monkey (D:7)
  3 hounds
  A jelly (D:4)
  A centaur skeleton (D:7)
  5 orc priests
  A bullfrog skeleton (D:6)
  An iguana (D:6)
  Ijyb (D:5)
  4 orc wizards (D:7)
  A scorpion zombie (D:5)
  2 hound skeletons
  A howler monkey zombie (D:5)
  Robin (D:3)
  A howler monkey skeleton (D:7)
  3 gnolls
  5 adders
  A shadow imp (D:7)
  An ufetubus (D:4)
  A worm (D:3)
  2 dart slugs
  6 orcs
  8 bats
  9 endoplasms
  A giant cockroach (D:3)
  15 goblins
  7 hobgoblins
  5 quokkas
  13 ball pythons
  2 frilled lizards
  5 kobolds
  5 rats
133 creatures vanquished.

Notes
Turn   | Place    | Note
-------+----------+-------------------------------------------
     0 | D:1      | jejorda2 the Merfolk Berserker began the quest for the Orb.
     0 | D:1      | Reached XP level 1. HP: 18/18 MP: 1/1
   186 | D:1      | Reached XP level 2. HP: 13/24 MP: 2/2
   805 | D:1      | Reached skill level 4 in Long Blades
   805 | D:1      | Reached XP level 3. HP: 29/29 MP: 3/3
   828 | D:1      | Reached ** piety under Trog
  1295 | D:1      | Found a faded altar of an unknown god.
  1903 | D:2      | Reached XP level 4. HP: 30/37 MP: 4/4
  2239 | D:2      | Noticed Sigmund
  2253 | D:2      | Killed Sigmund
  2254 | D:2      | Reached skill level 5 in Long Blades
  2254 | D:2      | Reached XP level 5. HP: 36/43 MP: 5/5
  2381 | D:2      | Reached XP level 6. HP: 47/49 MP: 6/6
  3119 | D:3      | Noticed Robin
  3143 | D:3      | Killed Robin
  3598 | D:4      | Reached skill level 6 in Long Blades
  3747 | D:4      | Reached *** piety under Trog
  3756 | D:4      | Reached skill level 5 in Fighting
  3865 | D:4      | Reached XP level 7. HP: 45/56 MP: 7/7
  3979 | D:4      | Noticed Eustachio
  4028 | D:4      | Killed Eustachio
  4029 | D:4      | Reached skill level 7 in Long Blades
  4490 | D:5      | Entered Level 5 of the Dungeon
  4629 | D:5      | Reached XP level 8. HP: 64/64 MP: 8/8
  4781 | D:5      | Reached skill level 8 in Long Blades
  5333 | D:5      | Noticed Ijyb
  5347 | D:5      | Killed Ijyb
  6269 | D:6      | Reached skill level 1 in Shields
  6456 | D:6      | Found a staircase to the Ecumenical Temple.
  6867 | D:6      | Reached skill level 9 in Long Blades
  6867 | D:6      | Reached XP level 9. HP: 64/69 MP: 7/9
  7141 | D:7      | Reached skill level 5 in Armour
  8177 | D:7      | Noticed a boulder beetle
  8193 | D:7      | Slain by a boulder beetle

Illustrated notes

Levels and vault maps discovered:
D:1:      nicolae_arrival_washed_ashore, layout_basic,
          chequers_ecumenical_altar_simple_redux
D:2:      layout_basic, hangedman_feature_mirror, uniq_sigmund
D:3:      layout_rooms, uniq_robin
D:4:      layout_basic, uniq_eustachio
D:5:      layout_loops_corners, hangedman_decor_points, uniq_ijyb
D:6:      layout_loops_ring, minmay_temple_entry_waves, serial_glass,
          glass_columns_b, glass_columns_a, minmay_misc_feat_x, minivault_4,
          minmay_misc_feat_encased
D:7:      layout_cave_pods, st_stairs_6

Skill      XL: |  1  2  3  4  5  6  7  8  9 |
---------------+----------------------------+-----
Long Blades    | 4 5 6 7 9 |  9.5
Armour         | 2 3 4 5 |  5.7
Fighting       | 4 5 6 |  6.0
Shields        | 2 3 |  3.5
Dodging        | |  2.6

Action                   |  1- 3 |  4- 6 |  7- 9 || total
-------------------------+-------+-------+-------++-------
Melee: Falchion          |   107 |   147 |   392 ||   646
Throw: Dart              |       |     9 |    12 ||    21
Invok: Berserk           |     3 |     2 |    12 ||    17
       Trog's Hand       |       |     1 |     4 ||     5
  Use: Scroll            |       |       |    12 ||    12
       Potion            |       |       |     1 ||     1
 Stab: Sleeping          |     1 |       |       ||     1
Armor: Animal skin       |    23 |       |       ||    23
       Leather armour    |       |     2 |       ||     2
       Chain mail        |       |    23 |   115 ||   138
       Plate armour      |       |    71 |   192 ||   263
Dodge: Dodged            |    84 |    52 |   148 ||   284
Block: Kite shield       |       |       |    80 ||    80
       Rpst.: Falchion   |    31 |    10 |    40 ||    81

Table legend: (Time is in decaauts)
 A = Elapsed time spent in this place.
 B = Non-inter-level travel time spent in this place.
 C = Inter-level travel time spent in this place.
 D = Time resting spent in this place.
 E = Time spent auto-exploring this place.
 F = Levels seen in this place.
 G = Mean time per level.
                   A        B        C        D        E       F      G
               +--------+--------+--------+--------+--------+-----+--------+
         Total |   8315 |   8129 |    186 |    725 |   6142 |   7 | 1187.9 |
       Dungeon |   8315 |   8129 |    186 |    725 |   6142 |   7 | 1187.9 |
               +--------+--------+--------+--------+--------+-----+--------+

Top non-repeatable levels by time:
     D:5: 1759 daAuts
     D:2: 1531 daAuts
     D:1: 1478 daAuts
     D:6: 1136 daAuts
     D:4: 1002 daAuts
     D:7: 866 daAuts
     D:3: 542 daAuts
